 Dungeon Crawl Stone Soup version 0.26-a0-307-g4e7fcc93f0 (console) character file.

Game seed: 4612827959715261105

4201 Garrluk the Grappler (level 10, -3/88 HPs)
             Began as a Troll Monk on July 15, 2020.
             Was a High Priest of Wu Jian.
             Slain by a killer bee (8 damage)
             ... on level 9 of the Dungeon.
             The game lasted 00:16:16 (3689 turns).

Garrluk the Grappler (Troll Monk)                   Turns: 3689, Time: 00:16:18

Health: -3/88      AC:  6    Str: 24    XL:     10   Next: 8%
Magic:  9/9        EV: 12    Int:  6    God:    Wu Jian [*****.]
Gold:   269        SH:  0    Dex: 12    Spells: 9/9 levels left

rFire    . . .     SeeInvis .     - Unarmed
rCold    . . .     Faith    +   (no shield)
rNeg     . . .     Spirit   .   a - +0 robe
rPois    .         Reflect  .   (helmet restricted)
rElec    .         Harm     .   (no cloak)
rCorr    .                      (gloves unavailable)
MR       .....                  (boots unavailable)
Stlth    +.........             z - amulet of faith
HPRegen  0.64/turn              D - ring of wizardry
MPRegen  0.11/turn              (no ring)

@: lethally poisoned (-3 -> -4), lightly drained
A: large, unfitting armour, claws 3, fangs 1, frail 1, regeneration 1, shaggy
fur 1, tough skin 3, MP-powered wands
a: Wall Jump, Serpent's Lash, Heavenly Storm, Renounce Religion


You were on level 9 of the Dungeon.
You worshipped Wu Jian.
Wu Jian was extremely pleased with you.
You visited 1 branch of the dungeon, and saw 9 of its levels.
You also visited: Sewer.

You collected 269 gold pieces.

Notes
Turn   | Place    | Note
-------+----------+-------------------------------------------
     0 | D:1      | Garrluk the Troll Monk began the quest for the Orb.
     0 | D:1      | Reached XP level 1. HP: 22/22 MP: 0/0
   143 | D:1      | Reached XP level 2. HP: 25/29 MP: 1/1
   270 | D:1      | Reached skill level 4 in Unarmed Combat
   444 | D:2      | Found an opulent altar of Gozag.
   445 | D:2      | Noticed Terence
   487 | D:2      | Killed Terence
   487 | D:2      | Reached XP level 3. HP: 33/36 MP: 2/2
   565 | D:2      | Found an ornate altar of the Wu Jian Council.
   569 | D:2      | Found an iron altar of Okawaru.
   588 | D:2      | Became a worshipper of the Wu Jian Council
   588 | D:2      | Reached * piety under Wu Jian
   588 | D:2      | Reached ** piety under Wu Jian
   612 | D:2      | Reached XP level 4. HP: 44/44 MP: 3/3
   719 | D:2      | Reached skill level 5 in Unarmed Combat
  1088 | D:3      | Noticed Grinder
  1095 | D:3      | Killed Grinder
  1095 | D:3      | Reached skill level 6 in Unarmed Combat
  1095 | D:3      | Reached XP level 5. HP: 30/50 MP: 4/4
  1095 | D:3      | Reached XP level 6. HP: 35/59 MP: 5/5
  1105 | D:4      | Noticed Edmund
  1296 | D:3      | Gained mutation: You are frail. (-10% HP) [potion of
                  | mutation]
  1296 | D:3      | Gained mutation: You expend magic power (3 MP) to
                  | strengthen your wands. [potion of mutation]
  1296 | D:3      | Gained mutation: You have very sharp teeth. [potion of
                  | mutation]
  1490 | D:4      | Noticed Robin
  1507 | D:4      | Reached *** piety under Wu Jian
  1519 | D:4      | Killed Robin
  1527 | D:4      | Reached skill level 7 in Unarmed Combat
  1598 | D:4      | Killed Edmund
  1598 | D:4      | Reached XP level 7. HP: 44/59 MP: 6/6
  1740 | D:4      | Noticed Pikel
  1760 | D:5      | Entered Level 5 of the Dungeon
  1768 | D:5      | Killed Pikel
  1768 | D:5      | Reached skill level 8 in Unarmed Combat
  1768 | D:5      | Reached XP level 8. HP: 50/67 MP: 7/7
  1872 | D:5      | Found a glowing drain.
  1889 | Sewer    | Entered a sewer
  1992 | Sewer    | Found a glowing silver altar of Zin.
  2201 | D:6      | Reached skill level 9 in Unarmed Combat
  2223 | D:6      | Reached skill level 5 in Dodging
  2334 | D:6      | Reached **** piety under Wu Jian
  2685 | D:7      | Reached XP level 9. HP: 65/76 MP: 8/8
  2702 | D:7      | Reached skill level 10 in Unarmed Combat
  3005 | D:8      | Found a glowing golden altar of the Shining One.
  3055 | D:8      | Reached skill level 5 in Fighting
  3255 | D:8      | Reached skill level 11 in Unarmed Combat
  3285 | D:8      | Found a sacrificial altar of Ru.
  3535 | D:9      | Reached ***** piety under Wu Jian
  3545 | D:9      | Reached XP level 10. HP: 37/86 MP: 9/9
  3688 | D:9      | HP: 3/88 [killer bee (2)]
  3689 | D:9      | Slain by a killer bee

Inventory:

Missiles
 j - 17 poisoned darts (quivered)
Armour
 a - a +0 robe (worn)
Magical Staves
 E - an uncursed staff of conjuration {unknown}
   (You found it on level 9 of the Dungeon)
Jewellery
 z - an amulet of faith (around neck)
   (You found it on level 8 of the Dungeon)
 D - a ring of wizardry (left claw)
   (You found it on level 9 of the Dungeon)
Wands
 t - a wand of acid (4)
   (You found it on level 6 of the Dungeon)
 y - a wand of flame (18)
   (You found it on level 8 of the Dungeon)
 B - a wand of clouds (6)
   (You found it on level 9 of the Dungeon)
 C - a wand of enslavement (8)
   (You found it on level 9 of the Dungeon)
Scrolls
 b - a scroll of remove curse {unknown}
 c - a scroll of teleportation {unknown}
 g - 2 scrolls of random uselessness {unknown}
 h - 5 scrolls of identify {unknown}
 k - 3 scrolls of immolation {unknown}
 m - 2 scrolls of amnesia {unknown}
 n - a scroll of magic mapping {unknown}
 s - 2 scrolls of fog {unknown}
 u - 2 scrolls of enchant weapon {unknown}
 w - a scroll of enchant armour {unknown}
 x - a scroll of silence {unknown}
 A - 3 scrolls of noise {unknown}
Potions
 d - 2 potions of curing
 e - 2 potions of mutation
 f - 2 potions of might {unknown}
 i - 2 potions of cancellation {unknown}
 l - a potion of invisibility {unknown}
 o - a potion of ambrosia {unknown}
 p - 2 potions of flight {unknown}
 q - a potion of heal wounds {unknown}
 r - a potion of haste {unknown}
 v - 2 potions of stabbing {unknown}

Table legend:
 A = Turns spent in this place as a percentage of turns spent in the entire game.
 B = Non-inter-level travel turns spent in this place as a percentage of non-inter-level travel turns spent in the entire game.
 C = Inter-level travel turns spent in this place as a percentage of turns spent in this place.
 D = Turns resting spent in this place as a percentage of non-inter-level travel turns spent in this place.
 E = Turns spent auto-exploring this place as a percentage of non-inter-level travel turns spent in this place.
 F = Non-inter-level travel turns spent in this place divided by the number of levels of this place that you've seen.
                   A       B       C       D       E      F
               +-------+-------+-------+-------+-------+----------------------
         Total | 100.0 | 100.0 |   4.2 |   4.2 |  41.6 | 353.5
       Dungeon |  96.0 |  95.8 |   4.3 |   4.4 |  41.3 | 376.3
         Sewer |   4.0 |   4.2 |   0.0 |   0.0 |  50.0 | 148.0
               +-------+-------+-------+-------+-------+----------------------


   Skills:
 + Level 5.6(5.3) Fighting
 + Level 6.6(6.2) Dodging
 - Level 1.0(0.7) Stealth
 * Level 11.4(10.9) Unarmed Combat


You had 9 spell levels left.
You didn't know any spells.
Your spell library was empty.

Dungeon Overview and Level Annotations

Branches:
Dungeon (9/15)              Sewer (visited)
 Temple: D:4-7         Lair: D:8-11         Orc: D:9-12

Altars:
Gozag
Okawaru
Ru
Wu Jian
The Shining One


Innate Abilities, Weirdness & Mutations

You are too large for most types of armour.
You have claws for hands.
Your natural rate of healing is unusually fast.
You are covered in fur. (AC +1)
You have extremely tough skin. (AC +3)
You have very sharp teeth.
You are frail. (-10% HP)
You expend magic power (3 MP) to strengthen your wands.


Message History

You closely miss the killer bee.
You feel sick.
The killer bee stings you but does no damage. x2
The killer bee stings you.
* * * LOW HITPOINT WARNING * * *
Unknown command.
You spin and attack the killer bee.
You scratch the killer bee but do no damage.
You feel sick. The killer bee stings you.
* * * LOW HITPOINT WARNING * * *
The killer bee stings you.
* * * LOW HITPOINT WARNING * * *
The killer bee closely misses you.
You feel better. The killer bee stings you.
* * * LOW HITPOINT WARNING * * *
The killer bee stings you.
* * * LOW HITPOINT WARNING * * *
You are poisoned.
The killer bee poisons you! The killer bee closely misses you.
The killer bee stings you!
You die...

#.........####(#
#....##.#..####(####
.....#.##..#.##......#
..............#.)#.##.#
..##....$##.#..#.##.##.#
# #$(.#.##....#. #†##.#
............. #.##.# #.
#. #.#..####.##.##
##.##.##.##y@).......#
.........#.y.........#
.#.#...#...#.........#
#........###.........#
......##.###.>.......# ..
##.....†......[.....# .?.
#####.##...........#
##..# #...##.#.........#
......##.#....#.........#


You could see 2 killer bees.

Table legend:
 A = Kills in this place as a percentage of kills in entire the game.
 B = Kills by you in this place as a percentage of kills by you in the entire game.
 C = Kills by friends in this place as a percentage of kills by friends in the entire game.
 D = Other kills in this place as a percentage of other kills in the entire game.
 E = Experience gained in this place as a percentage of experience gained in the entire game.
 F = Experience gained in this place divided by the number of levels of this place that you have seen.
                   A       B       C       D       E      F
               +-------+-------+-------+-------+-------+----------------------
         Total | 100.0 | 100.0 |   N/A |   N/A | 100.0 | 600.2
       Dungeon |  93.5 |  93.5 |   N/A |   N/A |  98.2 | 654.8
         Sewer |   6.5 |   6.5 |   N/A |   N/A |   1.8 | 109.0
               +-------+-------+-------+-------+-------+----------------------

Vanquished Creatures
  Monster Symbol All '5' Grinder (D:3)
  3 lemures (D:4)
4 creatures vanquished. All ';' 2 electric eels (D:7)
2 creatures vanquished. All '@' Edmund (D:4) Terence (D:2)
2 creatures vanquished. All 'F' 3 bullfrogs
3 creatures vanquished. All 'H' 2 hippogriffs
2 creatures vanquished. All 'J' 2 jellies 2 oozes
4 creatures vanquished. All 'K' Pikel (D:5) A big kobold (Sewer) 13 kobolds
15 creatures vanquished. All 'O' 4 ogres
4 creatures vanquished. All 'S' A water moccasin (D:9) An adder (D:6) 2 ball pythons
4 creatures vanquished. All 'W' A phantom (D:4)
1 creature vanquished. All 'Y' 3 sky beasts An ice beast (D:7)
4 creatures vanquished. All 'Z' A bullfrog skeleton (D:8) A hound skeleton (D:4) An adder zombie (D:6) 2 adder skeletons A leopard gecko zombie (D:6) A quokka skeleton (D:6) A quokka zombie (D:6)
8 creatures vanquished. All 'a' 2 worker ants
2 creatures vanquished. All 'b' 6 bats
6 creatures vanquished. All 'c' 2 centaurs
2 creatures vanquished. All 'g' Robin (D:4) 4 gnolls (D:6) 19 goblins 4 hobgoblins
28 creatures vanquished. All 'h' 3 howler monkeys (D:7) 5 hounds 16 jackals
24 creatures vanquished. All 'i' A spriggan (D:8)
1 creature vanquished. All 'l' 2 iguanas (D:8) 6 leopard geckos 2 frilled lizards
10 creatures vanquished. All 'n' A necrophage (D:7)
1 creature vanquished. All 'o' An orc warrior (D:9) An orc wizard (D:9) 2 orcs (D:9)
4 creatures vanquished. All 'r' A quokka (D:3) 8 rats
9 creatures vanquished. All 's' 2 scorpions 4 giant cockroaches
6 creatures vanquished. All 'w' 3 worms 8 dart slugs
11 creatures vanquished. All 'y' 2 killer bees (D:9)
2 creatures vanquished. All 'z' 12 wights
12 creatures vanquished.
171 creatures vanquished. Monster Nature Uniques Pikel (D:5) Grinder (D:3) Edmund (D:4) Terence (D:2) Robin (D:4)
5 creatures vanquished. Natural Monsters 2 hippogriffs A spriggan (D:8) A water moccasin (D:9) An orc warrior (D:9) 3 sky beasts An ice beast (D:7) 4 ogres 2 centaurs A big kobold (Sewer) 3 bullfrogs 2 killer bees (D:9) 2 scorpions 3 howler monkeys (D:7) 2 electric eels (D:7) An orc wizard (D:9) 5 hounds 2 jellies 2 iguanas (D:8) 2 worker ants An adder (D:6) 4 gnolls (D:6) 2 oozes 3 worms 8 dart slugs 6 leopard geckos 2 orcs (D:9) 2 ball pythons 4 giant cockroaches 19 goblins 4 hobgoblins 16 jackals A quokka (D:3) 6 bats 2 frilled lizards 13 kobolds 8 rats
141 creatures vanquished. Undead Monsters A necrophage (D:7) A phantom (D:4) 12 wights A bullfrog skeleton (D:8) A hound skeleton (D:4) An adder zombie (D:6) 2 adder skeletons A leopard gecko zombie (D:6) A quokka skeleton (D:6) A quokka zombie (D:6)
22 creatures vanquished. Demonic Monsters 3 lemures (D:4)
3 creatures vanquished.
171 creatures vanquished. Ascending Order Pikel (D:5) Grinder (D:3) A spriggan (D:8) Edmund (D:4) A water moccasin (D:9) An orc warrior (D:9) An ice beast (D:7) A necrophage (D:7) A phantom (D:4) A big kobold (Sewer) An orc wizard (D:9) A bullfrog skeleton (D:8) Terence (D:2) A hound skeleton (D:4) Robin (D:4) An adder (D:6) An adder zombie (D:6) A quokka (D:3) A quokka skeleton (D:6) A leopard gecko zombie (D:6) A quokka zombie (D:6) 2 hippogriffs 2 centaurs 2 killer bees (D:9) 2 scorpions 2 electric eels (D:7) 2 jellies 2 iguanas (D:8) 2 worker ants 2 oozes 2 adder skeletons 2 orcs (D:9) 2 ball pythons 2 frilled lizards 3 sky beasts 3 lemures (D:4) 3 bullfrogs 3 howler monkeys (D:7) 3 worms 4 ogres 4 gnolls (D:6) 4 hobgoblins 4 giant cockroaches 5 hounds 6 leopard geckos 6 bats 8 dart slugs 8 rats 12 wights 13 kobolds 16 jackals 19 goblins
171 creatures vanquished.

Action                   |  1- 3 |  4- 6 |  7- 9 | 10-12 || total
-------------------------+-------+-------+-------+-------++-------
Melee: Unarmed           |    76 |   107 |   235 |    25 ||   443
       Punch             |       |     4 |    12 |     1 ||    17
       Bite              |       |     2 |    17 |     1 ||    20
Throw: Dart              |       |     6 |     6 |       ||    12
Invok: Lunge             |     2 |     9 |    36 |     2 ||    49
       Whirlwind         |       |    26 |    11 |     6 ||    43
 Abil: Wall Jump         |       |       |     1 |       ||     1
Evoke: Wand              |       |       |     1 |       ||     1
  Use: Potion            |       |     1 |       |     1 ||     2
 Stab: Sleeping          |       |       |     5 |       ||     5
Armor: Robe              |    29 |    32 |    40 |     9 ||   110
Dodge: Dodged            |    47 |    41 |    90 |    21 ||   199
